 Dungeon Crawl Stone Soup version 0.23.1 (webtiles) character file.

Game seed: 3382096203460936992

256 Fang the Skirmisher (level 6, -6/39 HPs)
             Began as a Gargoyle Berserker on Mar 19, 2019.
             Was a Priest of Trog.
             Mangled by an ogre
             ... wielding a +0 giant club
              (23 damage)
             ... on level 4 of the Dungeon.
             The game lasted 00:05:33 (2537 turns).

Fang the Skirmisher (Gargoyle Berserker)            Turns: 2537, Time: 00:05:34

Health: -6/39      AC: 13    Str: 22    XL:     6   Next: 16%
Magic:  0/6        EV:  9    Int:  8    God:    Trog [***...]
Gold:   130        SH:  0    Dex:  9    Spells: 5/5 levels left

rFire    . . .     SeeInvis .   a - +0 hand axe
rCold    . . .     Gourm    .   (no shield)
rNeg     + . .     Faith    .   q - +0 chain mail
rPois    ∞         Spirit   +   (no helmet)
rElec    +         Reflect  .   m - scarf {Spirit}
rCorr    .         Harm     .   (no gloves)
MR       .....                  (no boots)
Stlth    ..........             (no amulet)
HPRegen  0.13/turn              (no ring)
MPRegen  0.10/turn              (no ring)

@: no status effects
A: negative energy resistance 1, electricity resistance, unbreathing,
petrification resistance, rot immunity, AC +4
a: Berserk, Trog's Hand, Renounce Religion


You were on level 4 of the Dungeon.
You worshipped Trog.
Trog was most pleased with you.
You were not hungry.

You visited 1 branch of the dungeon, and saw 4 of its levels.

You collected 130 gold pieces.

Inventory:

Hand Weapons
 a - a +0 hand axe (weapon)
Armour
 m - a scarf of spirit shield (worn)
 q - a +0 chain mail (worn)
Wands
 l - a wand of scattershot (5)
 o - a wand of random effects (19)
Scrolls
 d - a scroll of remove curse {unknown}
 e - a scroll of identify {unknown}
 f - a scroll of teleportation {unknown}
 n - a scroll of enchant armour {unknown}
Potions
 g - 2 potions of degeneration {unknown}
 h - 2 potions of lignification {unknown}
 i - a potion of agility {unknown}
 j - a potion of might {unknown}
 k - a potion of magic {unknown}
 p - a potion of flight {unknown}
Comestibles
 b - 2 chunks of flesh
 c - 13 rations


   Skills:
 + Level 4.6 Fighting
 + Level 3.7 Axes
 + Level 3.8 Armour
 + Level 2.9 Dodging


You had 5 spell levels left.
You didn't know any spells.
Your spell library was empty.

Dungeon Overview and Level Annotations

Branches:
Dungeon (4/15)
 Temple: D:4-7

Altars:
Fedhas
Hepliaklqana
Okawaru
Qazlal
Ru
Uskayaw
Xom


Innate Abilities, Weirdness & Mutations

You are resistant to torment.
Your stone body is resilient. (AC +4)
You are immune to poison.
You resist negative energy. (rN+)
You are resistant to electric shocks. (rElec)
You can survive without breathing.
You are immune to petrification.
You are immune to rotting.


Message History

Your chain mail prevents you from hitting the ogre.
The ogre is lightly wounded.
The ogre hits you with a +0 giant club!
You hit the ogre.
The ogre is lightly wounded.
The ogre hits you with a +0 giant club!
You are too injured to fight recklessly!
You are too injured to fight recklessly!
You are too injured to fight recklessly!
You are too injured to fight recklessly!
You are too injured to fight recklessly!
You are too injured to fight recklessly!
You are too injured to fight recklessly!
You are too injured to fight recklessly!
You are too injured to fight recklessly!
You completely miss the ogre.
The ogre is lightly wounded.
The ogre hits you with a +0 giant club!!
Ouch! That really hurt!
You die...

....... #.....###
#.......###
#.........####
#.......##...####
#.......####....###
#......## #####...#####
#......# ##............
#......# #..@W.........
#.....###...O.$........
#.^...# #..............
#....###..<............
##....#
##.............. .#
#.....# ##.............
..##.....#
##.>.%.......$
...#....## ##..........
........##


You could see a phantom and an ogre.

Vanquished Creatures
  An orc priest (D:3)
  Ijyb (D:3)
  An orc wizard (D:3)
  A hound zombie (D:3)
  2 hound skeletons (D:3)
  4 adders
  An ooze (D:2)
  An adder zombie (D:3)
  2 worms (D:2)
  2 leopard geckos (D:1)
  5 orcs (D:3)
  9 bats
  3 giant cockroaches
  9 hobgoblins
  7 jackals (D:3)
  A quokka (D:2)
  3 frilled lizards
  10 goblins
  12 kobolds
  5 rats
80 creatures vanquished.

Notes
Turn   | Place    | Note
-------+----------+-------------------------------------------
     0 | D:1      | Fang the Gargoyle Berserker began the quest for the Orb.
     0 | D:1      | Reached XP level 1. HP: 14/14 MP: 1/1
   136 | D:1      | Reached XP level 2. HP: 15/19 MP: 2/2
   673 | D:1      | Reached XP level 3. HP: 22/23 MP: 3/3
   737 | D:1      | Reached ** piety under Trog
   870 | D:2      | Found a faded altar of an unknown god.
  1317 | D:2      | Reached XP level 4. HP: 27/29 MP: 4/4
  1861 | D:3      | Reached skill level 4 in Fighting
  1914 | D:3      | Found a hazy altar of Hepliaklqana.
  1915 | D:3      | Found a shimmering altar of Xom.
  1915 | D:3      | Noticed an earth elemental
  1916 | D:3      | Noticed a spectral ugly thing
  1916 | D:3      | Noticed an earth elemental
  1969 | D:3      | Reached XP level 5. HP: 28/33 MP: 5/5
  1996 | D:3      | Found an iron altar of Okawaru.
  2072 | D:3      | Found a blossoming altar of Fedhas.
  2073 | D:3      | Noticed Ijyb
  2075 | D:3      | Found a hide-covered altar of Uskayaw.
  2075 | D:3      | Found a stormy altar of Qazlal.
  2083 | D:3      | Killed Ijyb
  2086 | D:3      | Reached *** piety under Trog
  2119 | D:3      | Found a sacrificial altar of Ru.
  2141 | D:3      | Reached XP level 6. HP: 38/39 MP: 6/6
  2521 | D:4      | Noticed a phantom
  2537 | D:4      | Mangled by an ogre

Skill      XL: |  1  2  3  4 |
---------------+-------------+-----
Axes           | 3 |  3.7
Dodging        | 2 |  2.9
Armour         | 3 |  3.8
Fighting       | 4 |  4.6

Action                   |  1- 3 |  4- 6 || total
-------------------------+-------+-------++-------
Melee: Hand axe          |   190 |   184 ||   374
Invok: Berserk           |       |     1 ||     1
  Eat: Chunk             |     2 |     5 ||     7
Armor: Animal skin       |     7 |       ||     7
       Scale mail        |    91 |    93 ||   184
       Chain mail        |       |    25 ||    25
Dodge: Dodged            |   141 |   132 ||   273
